Comets vs Monsters
Created - February 21, 2023 at 19:09
Goals
|
Comets |
0 |
1 |
1 |
2 |
Monsters |
0 |
5 |
2 |
7 |
|
Shots
|
Comets |
13 |
13 |
9 |
35 |
Monsters |
13 |
17 |
7 |
37 |
|
1st period
No Goal
Penalties :
Juuso Riikola (Uti) for Charging (Minor) at 7:55, Juho Lammikko (Uti) for Holding (Minor) at 11:45
2nd period
1. Monsters , Richard Nejezchleb 8 (Marc Michaelis 16) at 0:53
2. Monsters , Jared Knight 15 (Matt Grzelcyk 11, Joakim Nordstrom 23) at 2:43
3. Monsters , Zac Dalpe 26 (Carl Grundstrom 8) at 5:07
4. Monsters , Luca Sbisa 3 (Zac Dalpe 45, Kyle Connor 21) at 5:23
5. Comets , Teemu Pulkkinen 24 (Daniel Zaar 32) at 13:32
6. Monsters , Kyle Connor 18 (Zac Dalpe 46) at 19:11
Penalties :
Luca Sbisa (Cle) for Elbowing (Minor) at 6:51, Adam Ollas-Mattsson (Uti) for Interference (Minor) at 14:14
3rd period
7. Monsters , Kyle Connor 19 (Zac Dalpe 47) at 1:05
8. Monsters , Zac Dalpe 27 (Luca Sbisa 15, Kyle Connor 22) at 11:26 (PP)
9. Comets , Chandler Stephenson 16 (Juho Lammikko 22, Mackenzie MacEachern 8) at 16:49
Penalties :
Victor Mete (Cle) for Holding (Minor) at 4:12, Juuso Riikola (Uti) for Hooking (Minor) at 11:09, Gerald Mayhew (Cle) for Hooking (Minor) at 12:03, Nicolas Petan (Uti) for Cross-checking (Minor) at 13:26, Jared Knight (Cle) for Holding (Minor) at 17:13, Tyler Graovac (Uti) for Cross-checking (Minor) at 19:50
Goalie Stats
Thatcher Demko (Uti), 30 saves from 37 shots - (0.811), L, 18-10-1, 60:00 minutes
Maxime Lagace (Cle), 33 saves from 35 shots - (0.943), W, 5-8-2, 60:00 minutes
Players Stats for Comets
Player Name G A P +/- PIM S H SB GA TA FO MP PP MP PK MP
------------------------------------------------------------------------------------
Adam Ollas-Mattsson 0 0 0 -2 2 0 0 2 0 0 0/0 19:07 2:40 2:19
Andrej Nestrasil 0 0 0 -1 0 0 1 1 0 1 5/11 16:27 3:16 1:19
Anton Karlsson 0 0 0 0 0 2 1 0 0 0 1/1 7:49 0:00 0:58
Anton Zlobin 0 0 0 0 0 0 0 0 0 0 0/0 0:19 0:08 0:00
Chandler Stephenson 1 0 1 -1 0 2 1 0 0 0 2/4 9:03 0:00 0:00
Dan Renouf 0 0 0 -2 0 0 2 3 0 2 0/0 19:49 2:40 3:10
Daniel Zaar 0 1 1 -2 0 9 2 0 1 0 5/8 24:55 3:56 4:05
Daniil Miromanov 0 0 0 0 0 0 0 1 0 0 0/0 8:49 4:40 0:00
Gustav Lindstrom 0 0 0 0 0 0 0 0 0 0 0/0 4:09 0:00 0:00
Hudson Fasching 0 0 0 -1 0 3 4 0 0 0 0/0 17:44 3:16 2:33
Juho Lammikko 0 1 1 -1 2 1 1 0 0 0 0/1 9:21 0:08 0:00
Justin Bailey 0 0 0 -1 0 1 1 0 0 0 3/5 18:09 3:56 2:33
Juuso Riikola 0 0 0 -2 4 1 1 0 0 0 0/0 19:56 0:00 3:06
Mackenzie MacEachern 0 1 1 -1 0 2 0 0 1 1 1/1 9:03 0:00 0:00
Michael Joly 0 0 0 0 0 0 0 0 0 0 0/0 6:44 0:00 0:00
Nicolas Petan 0 0 0 -2 2 3 1 1 0 0 17/33 19:10 3:55 0:00
Oliver Kylington 0 0 0 -2 0 3 2 1 0 2 0/0 25:58 4:40 4:00
Oskar Steen 0 0 0 0 0 0 0 0 0 0 0/0 0:00 0:00 0:00
Phil Di Giuseppe 0 0 0 0 0 0 0 0 0 0 0/0 0:00 0:00 0:00
Rasmus Asplund 0 0 0 0 0 0 0 0 0 0 0/0 0:00 0:00 0:00
Sami Niku 0 0 0 0 0 0 0 0 0 0 0/0 11:12 0:00 0:08
Teemu Pulkkinen 1 0 1 -2 0 8 4 0 1 0 1/4 24:29 3:16 4:04
Tyler Graovac 0 0 0 0 2 0 1 1 0 0 0/4 6:43 0:00 0:00
William Lagesson 0 0 0 0 0 0 0 1 0 0 0/0 12:17 0:00 2:49
William Lockwood 0 0 0 0 0 0 0 0 0 0 0/0 0:19 0:08 0:00
Players Stats for Monsters
Player Name G A P +/- PIM S H SB GA TA FO MP PP MP PK MP
------------------------------------------------------------------------------------
Aaron Ness 0 0 0 1 0 3 6 2 1 1 0/0 29:51 4:04 4:25
Alex Schoenborn 0 0 0 0 0 0 0 0 0 0 0/0 0:00 0:00 0:00
Alexandre Texier 0 0 0 0 0 0 0 0 0 0 0/0 0:00 0:00 0:00
Austin Watson 0 0 0 3 0 2 2 1 1 0 1/3 21:22 4:19 2:16
Cameron Hughes 0 0 0 0 0 0 0 0 0 0 0/0 0:22 0:00 0:08
Carl Grundstrom 0 1 1 0 0 0 0 0 0 0 1/1 6:02 0:00 0:00
Dillon Heatherington 0 0 0 2 0 1 1 2 0 0 0/0 19:45 3:42 2:55
Francis Perron 0 0 0 0 0 0 0 0 0 0 0/1 1:57 0:00 1:41
Gerald Mayhew 0 0 0 1 2 2 1 0 1 0 0/1 14:32 3:27 0:00
Jared Knight 1 0 1 1 2 2 1 0 1 0 4/10 16:10 3:23 1:28
Joakim Nordstrom 0 1 1 1 0 1 2 1 0 0 0/0 15:33 3:23 0:34
Kyle Connor 2 2 4 3 0 4 2 0 0 0 1/1 23:56 4:23 4:10
Luca Sbisa 1 1 2 1 2 4 0 1 1 1 0/0 28:25 4:04 3:00
Marc Michaelis 0 1 1 0 0 1 0 0 0 0 0/0 11:53 0:00 0:00
Matt Grzelcyk 0 1 1 2 0 5 0 0 0 1 0/0 19:45 3:42 2:55
Maxim Mamin 0 0 0 0 0 1 0 0 1 0 3/4 6:02 0:00 0:00
Maxime Comtois 0 0 0 0 0 0 4 0 0 0 0/0 6:02 0:00 0:00
Nathan Noel 0 0 0 0 0 0 0 0 0 0 0/0 0:00 0:00 0:00
Richard Nejezchleb 1 0 1 0 0 2 1 0 0 0 0/0 11:53 0:00 0:00
Ryan Fitzgerald 0 0 0 0 0 5 3 0 0 0 3/9 11:53 0:00 0:00
Tarmo Reunanen 0 0 0 1 0 0 0 0 0 0 0/0 11:49 0:00 1:25
Victor Mete 0 0 0 1 2 0 0 1 0 0 0/0 10:39 0:00 0:00
Zac Dalpe 2 3 5 3 0 4 3 0 0 0 24/42 24:09 4:23 4:23
Zachary Senyshyn 0 0 0 0 0 0 0 0 0 0 0/0 0:00 0:00 0:00
3 Stars
1 - Zac Dalpe (Cle)
2 - Kyle Connor (Cle)
3 - Maxime Lagace (Cle)
Power Play
Comets - 0 on 4 Attempt(s) - 0.00%
Monsters - 1 on 6 Attempt(s) - 16.67%
Penalty Kill
Comets - 5 on 6 Attempt(s) - 83.33%
- Score 0 goal in Penalty Kill
Monsters - 4 on 4 Attempt(s) - 100.00%
- Score 0 goal in Penalty Kill
Team Stat
Comets - Hits : 22 - Faceoff Wins : 35 - Blocked Shots : 11 - Penalty Minutes : 12
Monsters - Hits : 26 - Faceoff Wins : 37 - Blocked Shots : 8 - Penalty Minutes : 8
Official
Referees : Chris Schlenker and Mitch Dunning
Linesman : Bevan Mills and Julien Fournier
Game Notes
No Game Note
Finance
Level 1 -- Attendance: 1784 (89.20%) -- Ticket Income $62,440
Level 2 -- Attendance: 1000 (100.00%) -- Ticket Income $15,000
Total Attendance: 2784 (92.80%)
Total Ticket Income: $77,440
Other Income: $3,872
Total Income: $81,312
Comets
5 vs 5 Forward
Center Left Wing Right Wing Time % Phy DF OF
1 Nicolas Petan Teemu Pulkkinen Daniel Zaar 50 1 2 2
2 Andrej Nestrasil Justin Bailey Hudson Fasching 35 1 2 2
3 Chandler Stephenson Mackenzie MacEachern Juho Lammikko 10 1 2 2
4 Tyler Graovac Anton Karlsson Michael Joly 5 1 2 2
5 vs 5 Defense
Defense Defense Time % Phy DF OF
1 Juuso Riikola Oliver Kylington 40 1 2 2
2 Dan Renouf Adam Ollas-Mattsson 30 1 2 2
3 William Lagesson Sami Niku 20 1 2 2
4 Gustav Lindstrom Daniil Miromanov 10 1 2 2
PowerPlay Forward
Center Left Wing Right Wing Time % Phy DF OF
1 Nicolas Petan Justin Bailey Daniel Zaar 60 1 2 2
2 Andrej Nestrasil Teemu Pulkkinen Hudson Fasching 40 1 2 2
PowerPlay Defense
Defense Defense Time % Phy DF OF
1 Daniil Miromanov Oliver Kylington 60 1 2 2
2 Dan Renouf Adam Ollas-Mattsson 40 1 2 2
Penalty Kill 4 Players Forward
Center Wing Time % Phy DF OF
1 Daniel Zaar Teemu Pulkkinen 60 1 2 2
2 Justin Bailey Hudson Fasching 40 1 2 2
Penalty Kill 4 Players Defense
Defense Defense Time % Phy DF OF
1 Juuso Riikola Oliver Kylington 60 1 2 2
2 Dan Renouf Adam Ollas-Mattsson 40 1 2 2
Penalty Kill - 3 Players Forward
Forward Time % Phy DF OF
1 Daniel Zaar 60 1 2 2
2 Teemu Pulkkinen 40 1 2 2
Penalty Kill - 3 Players Defense
Defense Defense Time % Phy DF OF
1 Juuso Riikola Oliver Kylington 60 1 2 2
2 Dan Renouf Adam Ollas-Mattsson 40 1 2 2
4 vs 4 Forward
Center Wing Time % Phy DF OF
1 Daniel Zaar Teemu Pulkkinen 60 1 2 2
2 Justin Bailey Hudson Fasching 40 1 2 2
4 vs 4 Defense
Defense Defense Time % Phy DF OF
1 Juuso Riikola Oliver Kylington 60 1 2 2
2 Dan Renouf Adam Ollas-Mattsson 40 1 2 2
Last Minutes Offensive
Center Left Wing Right Wing Defense Defense
Nicolas Petan Teemu Pulkkinen Daniel Zaar Juuso Riikola Oliver Kylington
Last Minutes Defensive
Center Left Wing Right Wing Defense Defense
Nicolas Petan Teemu Pulkkinen Daniel Zaar Juuso Riikola Oliver Kylington
Goaltenders
Starting : Thatcher Demko
Backup : Casey DeSmith
Extra Forwards
Normal : William Lockwood, Anton Zlobin, Andrej Nestrasil - PP : William Lockwood, Anton Zlobin - PK : Andrej Nestrasil
Extra Defensemen
Normal : Daniil Miromanov, William Lagesson, Sami Niku - PP : Daniil Miromanov - PK : William Lagesson, Sami Niku
Penalty Shots
Daniel Zaar, Teemu Pulkkinen, Justin Bailey, Hudson Fasching, Nicolas Petan
Scratches
Jaret Anderson-Dolan (Healthy), Jack Rathbone (Healthy), Brandon Biro (Healthy), Dmitry Sokolov (Healthy), Marek Langhamer (Healthy)
Michael Dipietro (Healthy)
Monsters
5 vs 5 Forward
Center Left Wing Right Wing Time % Phy DF OF
1 Zac Dalpe Kyle Connor Austin Watson 40 1 2 2
2 Jared Knight Joakim Nordstrom Gerald Mayhew 30 1 2 2
3 Ryan Fitzgerald Marc Michaelis Richard Nejezchleb 20 1 2 2
4 Maxim Mamin Maxime Comtois Carl Grundstrom 10 1 2 2
5 vs 5 Defense
Defense Defense Time % Phy DF OF
1 Aaron Ness Luca Sbisa 40 1 2 2
2 Dillon Heatherington Matt Grzelcyk 30 1 2 2
3 Victor Mete Tarmo Reunanen 20 1 2 2
4 Aaron Ness Luca Sbisa 10 1 2 2
PowerPlay Forward
Center Left Wing Right Wing Time % Phy DF OF
1 Zac Dalpe Kyle Connor Austin Watson 60 1 2 2
2 Jared Knight Joakim Nordstrom Gerald Mayhew 40 1 2 2
PowerPlay Defense
Defense Defense Time % Phy DF OF
1 Aaron Ness Luca Sbisa 60 1 2 2
2 Dillon Heatherington Matt Grzelcyk 40 1 2 2
Penalty Kill 4 Players Forward
Center Wing Time % Phy DF OF
1 Zac Dalpe Kyle Connor 60 1 2 2
2 Austin Watson Jared Knight 40 1 2 2
Penalty Kill 4 Players Defense
Defense Defense Time % Phy DF OF
1 Aaron Ness Luca Sbisa 60 1 2 2
2 Dillon Heatherington Matt Grzelcyk 40 1 2 2
Penalty Kill - 3 Players Forward
Forward Time % Phy DF OF
1 Zac Dalpe 60 1 2 2
2 Kyle Connor 40 1 2 2
Penalty Kill - 3 Players Defense
Defense Defense Time % Phy DF OF
1 Aaron Ness Luca Sbisa 60 1 2 2
2 Dillon Heatherington Matt Grzelcyk 40 1 2 2
4 vs 4 Forward
Center Wing Time % Phy DF OF
1 Zac Dalpe Kyle Connor 60 1 2 2
2 Austin Watson Jared Knight 40 1 2 2
4 vs 4 Defense
Defense Defense Time % Phy DF OF
1 Aaron Ness Luca Sbisa 60 1 2 2
2 Dillon Heatherington Matt Grzelcyk 40 1 2 2
Last Minutes Offensive
Center Left Wing Right Wing Defense Defense
Zac Dalpe Kyle Connor Austin Watson Aaron Ness Luca Sbisa
Last Minutes Defensive
Center Left Wing Right Wing Defense Defense
Zac Dalpe Kyle Connor Austin Watson Aaron Ness Luca Sbisa
Goaltenders
Starting : Maxime Lagace
Backup : Eric Comrie
Extra Forwards
Normal : Nathan Noel, Alexandre Texier, Francis Perron - PP : Nathan Noel, Alexandre Texier - PK : Francis Perron
Extra Defensemen
Normal : Victor Mete, Tarmo Reunanen, Dillon Heatherington - PP : Victor Mete - PK : Tarmo Reunanen, Dillon Heatherington
Penalty Shots
Zac Dalpe, Kyle Connor, Austin Watson, Jared Knight, Ryan Fitzgerald
Scratches
Jesse Graham (Left Foot Injury), Tony DeAngelo (Fractured Orbital Bone Injury), Peyton Jones (Healthy)
% Time on Ice - Comets
Lines # - Real PCT - Wanted PCT - Time Play
Normal Forward
1 - 37% - 50% - 16:36
2 - 27% - 35% - 11:55
3 - 20% - 10% - 9:03
4 - 15% - 5% - 6:44
Normal Defense
1 - 38% - 40% - 16:48
2 - 31% - 30% - 13:53
3 - 21% - 20% - 9:28
4 - 9% - 10% - 4:09
PP Forward
1 - 55% - 60% - 4:04
2 - 45% - 40% - 3:16
PP Defense
1 - 64% - 60% - 4:40
2 - 36% - 40% - 2:40
PK Forward
1 - 67% - 60% - 5:13
2 - 33% - 40% - 2:33
PK Defense
1 - 59% - 60% - 4:36
2 - 41% - 40% - 3:10
PK3 Forward
1 - 0% - 60%
2 - 0% - 40%
PK3 Defense
1 - 0% - 60%
2 - 0% - 40%
44 Forward
1 - 100% - 60% - 0:36
2 - 0% - 40% - 0:00
44 Defense
1 - 83% - 60% - 0:30
2 - 17% - 40% - 0:06
Last Minute Offensive - 0:00
Last Minute Defensive - 0:00
Total
Forward - 60:00
Defense - 60:00
|
% Time on Ice - Monsters
Lines # - Real PCT - Wanted PCT - Time Play
Normal Forward
1 - 34% - 40% - 15:17
2 - 25% - 30% - 11:06
3 - 27% - 20% - 11:53
4 - 14% - 10% - 6:02
Normal Defense
1 - 42% - 40% - 18:46
2 - 30% - 30% - 13:08
3 - 23% - 20% - 10:24
4 - 5% - 10% - 2:00
PP Forward
1 - 56% - 60% - 4:23
2 - 44% - 40% - 3:23
PP Defense
1 - 52% - 60% - 4:04
2 - 48% - 40% - 3:42
PK Forward
1 - 69% - 60% - 5:04
2 - 31% - 40% - 2:16
PK Defense
1 - 60% - 60% - 4:25
2 - 40% - 40% - 2:55
PK3 Forward
1 - 0% - 60%
2 - 0% - 40%
PK3 Defense
1 - 0% - 60%
2 - 0% - 40%
44 Forward
1 - 100% - 60% - 0:36
2 - 0% - 40% - 0:00
44 Defense
1 - 100% - 60% - 0:36
2 - 0% - 40% - 0:00
Last Minute Offensive - 0:00
Last Minute Defensive - 0:00
Total
Forward - 60:00
Defense - 60:00
|
Play-by-Play
1st period
0:01 of 1st period - Zac Dalpe wins face-off versus Teemu Pulkkinen in neutral zone.
0:17 of 1st period - Juuso Riikola is hit by Aaron Ness and loses puck.
0:30 of 1st period - Snap shot by Daniel Zaar.
0:30 of 1st period - Stopped by Maxime Lagace with a rebound.
1:08 of 1st period - Dan Renouf is hit by Maxime Comtois and loses puck.
1:50 of 1st period - Icing by Tarmo Reunanen.
1:51 of 1st period - Andrej Nestrasil wins face-off versus Gerald Mayhew in Monsters zone.
2:18 of 1st period - Sami Niku is hit by Zac Dalpe and loses puck.
2:27 of 1st period - Wrist shot by Kyle Connor.
2:27 of 1st period - Stopped by Thatcher Demko with a rebound.
2:50 of 1st period - Wrist shot by Kyle Connor.
2:50 of 1st period - Stopped by Thatcher Demko without a rebound.
2:51 of 1st period - Andrej Nestrasil wins face-off versus Ryan Fitzgerald in Comets zone.
3:00 of 1st period - Wrist shot by Justin Bailey.
3:00 of 1st period - Deflect By Hudson Fasching.
3:00 of 1st period - Stopped by Maxime Lagace with a rebound.
3:06 of 1st period - Snap shot by Justin Bailey.
3:06 of 1st period - Shot Blocked by Luca Sbisa.
3:18 of 1st period - Daniil Miromanov is hit by Joakim Nordstrom and loses puck.
3:44 of 1st period - Michael Joly is hit by Maxime Comtois and loses puck.
4:30 of 1st period - Wrist shot by Hudson Fasching.
4:30 of 1st period - Shot Misses the Net.
4:42 of 1st period - Wrist shot by Juho Lammikko.
4:42 of 1st period - Shot Misses the Net.
5:02 of 1st period - Slapshot by Daniel Zaar.
5:02 of 1st period - Stopped by Maxime Lagace with a rebound.
5:53 of 1st period - Juuso Riikola is hit by Richard Nejezchleb and loses puck.
6:14 of 1st period - Chandler Stephenson is hit by Dillon Heatherington and loses puck.
6:44 of 1st period - Off-side.
6:45 of 1st period - Daniel Zaar wins face-off versus Zac Dalpe in neutral zone.
6:54 of 1st period - Wrist shot by Teemu Pulkkinen.
6:54 of 1st period - Stopped by Maxime Lagace without a rebound.
6:55 of 1st period - Nicolas Petan wins face-off versus Zac Dalpe in Monsters zone.
7:06 of 1st period - Slapshot by Austin Watson.
7:06 of 1st period - Deflect By Daniel Zaar.
7:06 of 1st period - Shot Misses the Net.
7:06 of 1st period - Puck is out of play.
7:07 of 1st period - Jared Knight wins face-off versus Nicolas Petan in Comets zone.
7:22 of 1st period - Slapshot by Joakim Nordstrom.
7:22 of 1st period - Stopped by Thatcher Demko without a rebound.
7:23 of 1st period - Zac Dalpe wins face-off versus Andrej Nestrasil in Comets zone.
7:26 of 1st period - Wrist shot by Kyle Connor.
7:26 of 1st period - Deflect By Hudson Fasching.
7:26 of 1st period - Shot Misses the Net.
7:26 of 1st period - Puck is out of play.
7:27 of 1st period - Zac Dalpe wins face-off versus Andrej Nestrasil in Comets zone.
7:28 of 1st period - Wrist shot by Kyle Connor.
7:28 of 1st period - Shot Misses the Net.
7:34 of 1st period - Snap shot by Justin Bailey.
7:34 of 1st period - Stopped by Maxime Lagace with a rebound.
7:55 of 1st period - Minor Penalty to Juuso Riikola for Charging.
7:56 of 1st period - Zac Dalpe wins face-off versus Teemu Pulkkinen in Comets zone.
8:00 of 1st period - Slapshot by Kyle Connor.
8:00 of 1st period - Shot Misses the Net.
8:02 of 1st period - Snap shot by Austin Watson.
8:02 of 1st period - Shot Misses the Net.
8:10 of 1st period - Snap shot by Austin Watson.
8:10 of 1st period - Shot Misses the Net.
8:54 of 1st period - Wrist shot by Daniel Zaar.
8:54 of 1st period - Stopped by Maxime Lagace without a rebound.
8:55 of 1st period - Zac Dalpe wins face-off versus Justin Bailey in Monsters zone.
9:52 of 1st period - Zac Dalpe is hit by Teemu Pulkkinen and loses puck.
9:55 of 1st period - Penalty to Juuso Riikola is over, Juuso Riikola is back on ice.
9:59 of 1st period - Wrist shot by Teemu Pulkkinen.
9:59 of 1st period - Stopped by Maxime Lagace with a rebound.
10:01 of 1st period - Wrist shot by Daniel Zaar.
10:01 of 1st period - Stopped by Maxime Lagace with a rebound.
10:09 of 1st period - Snap shot by Teemu Pulkkinen.
10:09 of 1st period - Shot Blocked by Dillon Heatherington.
10:11 of 1st period - Slapshot by Teemu Pulkkinen.
10:11 of 1st period - Shot Misses the Net.
10:13 of 1st period - Snap shot by Daniel Zaar.
10:13 of 1st period - Stopped by Maxime Lagace with a rebound.
10:15 of 1st period - Wrist shot by Teemu Pulkkinen.
10:15 of 1st period - Stopped by Maxime Lagace with a rebound.
10:38 of 1st period - Icing by Daniel Zaar.
10:39 of 1st period - Daniel Zaar wins face-off versus Jared Knight in Comets zone.
10:52 of 1st period - Snap shot by Daniel Zaar.
10:52 of 1st period - Shot Blocked by Aaron Ness.
11:30 of 1st period - Slapshot by Chandler Stephenson.
11:30 of 1st period - Stopped by Maxime Lagace without a rebound.
11:31 of 1st period - Maxim Mamin wins face-off versus Juho Lammikko in Monsters zone.
11:31 of 1st period - Maxim Mamin is hit by Chandler Stephenson.
11:43 of 1st period - Wrist shot by Maxim Mamin.
11:43 of 1st period - Stopped by Thatcher Demko with a rebound.
11:45 of 1st period - Minor Penalty to Juho Lammikko for Holding.
11:46 of 1st period - Justin Bailey wins face-off versus Austin Watson in Comets zone.
12:19 of 1st period - Joakim Nordstrom is hit by Teemu Pulkkinen and loses puck.
13:45 of 1st period - Penalty to Juho Lammikko is over, Juho Lammikko is back on ice.
14:01 of 1st period - Mackenzie MacEachern is hit by Maxime Comtois and loses puck.
14:20 of 1st period - Snap shot by Ryan Fitzgerald.
14:20 of 1st period - Shot Blocked by Oliver Kylington.
14:52 of 1st period - Snap shot by Mackenzie MacEachern.
14:52 of 1st period - Shot Misses the Net.
14:56 of 1st period - Snap shot by Mackenzie MacEachern.
14:56 of 1st period - Stopped by Maxime Lagace with a rebound.
14:58 of 1st period - Slapshot by Juuso Riikola.
14:58 of 1st period - Shot Blocked by Victor Mete.
15:00 of 1st period - Wrist shot by Mackenzie MacEachern.
15:00 of 1st period - Stopped by Maxime Lagace without a rebound.
15:01 of 1st period - Jared Knight wins face-off versus Nicolas Petan in Monsters zone.
15:10 of 1st period - Snap shot by Daniel Zaar.
15:10 of 1st period - Shot Misses the Net.
15:12 of 1st period - Slapshot by Dan Renouf.
15:12 of 1st period - Shot Misses the Net.
15:38 of 1st period - Slapshot by Matt Grzelcyk.
15:38 of 1st period - Stopped by Thatcher Demko with a rebound.
16:38 of 1st period - Icing by Marc Michaelis.
16:39 of 1st period - Ryan Fitzgerald wins face-off versus Andrej Nestrasil in Monsters zone.
16:44 of 1st period - Slapshot by Aaron Ness.
16:44 of 1st period - Stopped by Thatcher Demko with a rebound.
16:56 of 1st period - Snap shot by Richard Nejezchleb.
16:56 of 1st period - Shot Misses the Net.
16:58 of 1st period - Wrist shot by Richard Nejezchleb.
16:58 of 1st period - Shot Blocked by Daniil Miromanov.
17:00 of 1st period - Slapshot by Luca Sbisa.
17:00 of 1st period - Stopped by Thatcher Demko with a rebound.
17:08 of 1st period - Wrist shot by Richard Nejezchleb.
17:08 of 1st period - Shot Misses the Net.
17:34 of 1st period - Richard Nejezchleb is hit by Justin Bailey and loses puck.
17:43 of 1st period - Slapshot by Richard Nejezchleb.
17:43 of 1st period - Stopped by Thatcher Demko with a rebound.
17:45 of 1st period - Snap shot by Aaron Ness.
17:45 of 1st period - Stopped by Thatcher Demko with a rebound.
17:47 of 1st period - Slapshot by Ryan Fitzgerald.
17:47 of 1st period - Stopped by Thatcher Demko with a rebound.
17:55 of 1st period - Wrist shot by Richard Nejezchleb.
17:55 of 1st period - Shot Misses the Net.
17:57 of 1st period - Slapshot by Luca Sbisa.
17:57 of 1st period - Shot Blocked by Andrej Nestrasil.
17:59 of 1st period - Snap shot by Ryan Fitzgerald.
17:59 of 1st period - Stopped by Thatcher Demko with a rebound.
18:03 of 1st period - Wrist shot by Richard Nejezchleb.
18:03 of 1st period - Shot Misses the Net.
18:05 of 1st period - Snap shot by Ryan Fitzgerald.
18:05 of 1st period - Shot Misses the Net.
18:07 of 1st period - Snap shot by Aaron Ness.
18:07 of 1st period - Deflect By Ryan Fitzgerald.
18:07 of 1st period - Stopped by Thatcher Demko with a rebound.
18:09 of 1st period - Snap shot by Aaron Ness.
18:09 of 1st period - Stopped by Thatcher Demko without a rebound.
18:10 of 1st period - Teemu Pulkkinen wins face-off versus Zac Dalpe in Comets zone.
18:10 of 1st period - Teemu Pulkkinen is hit by Kyle Connor.
18:16 of 1st period - Zac Dalpe is hit by Daniel Zaar.
18:25 of 1st period - Off-side.
18:26 of 1st period - Nicolas Petan wins face-off versus Jared Knight in neutral zone.
18:40 of 1st period - Snap shot by Teemu Pulkkinen.
18:40 of 1st period - Shot Blocked by Joakim Nordstrom.
18:52 of 1st period - Kyle Connor is hit by Tyler Graovac and loses puck.
19:33 of 1st period - Juuso Riikola is hit by Gerald Mayhew and loses puck.
19:50 of 1st period - Anton Karlsson is hit by Zac Dalpe and loses puck.
Goals for this period are 0 for Comets vs 0 for Monsters.
Shots for this period are 13 for Comets vs 13 for Monsters.
2nd period
0:01 of 2nd period - Zac Dalpe wins face-off versus Nicolas Petan in neutral zone.
0:28 of 2nd period - Slapshot by Hudson Fasching.
0:28 of 2nd period - Stopped by Maxime Lagace with a rebound.
0:30 of 2nd period - Snap shot by Hudson Fasching.
0:30 of 2nd period - Shot Misses the Net.
0:53 of 2nd period - Backhand shot by Richard Nejezchleb.
0:53 of 2nd period - Goal by Richard Nejezchleb - Comets : 0 - Monsters : 1.
0:54 of 2nd period - Austin Watson wins face-off versus Nicolas Petan in neutral zone.
0:56 of 2nd period - Off-side.
0:57 of 2nd period - Nicolas Petan wins face-off versus Zac Dalpe in neutral zone.
1:02 of 2nd period - Snap shot by Daniel Zaar.
1:02 of 2nd period - Stopped by Maxime Lagace with a rebound.
1:04 of 2nd period - Snap shot by Teemu Pulkkinen.
1:04 of 2nd period - Stopped by Maxime Lagace without a rebound.
1:05 of 2nd period - Zac Dalpe wins face-off versus Nicolas Petan in Monsters zone.
1:46 of 2nd period - Backhand shot by Jared Knight.
1:46 of 2nd period - Stopped by Thatcher Demko with a rebound.
1:48 of 2nd period - Slapshot by Dillon Heatherington.
1:48 of 2nd period - Stopped by Thatcher Demko without a rebound.
1:49 of 2nd period - Anton Karlsson wins face-off versus Ryan Fitzgerald in Comets zone.
1:51 of 2nd period - Icing by Dan Renouf.
1:52 of 2nd period - Ryan Fitzgerald wins face-off versus Tyler Graovac in Comets zone.
2:39 of 2nd period - Snap shot by Joakim Nordstrom.
2:39 of 2nd period - Shot Blocked by Adam Ollas-Mattsson.
2:41 of 2nd period - Slapshot by Matt Grzelcyk.
2:41 of 2nd period - Shot Blocked by Dan Renouf.
2:43 of 2nd period - Wrist shot by Jared Knight.
2:43 of 2nd period - Goal by Jared Knight - Comets : 0 - Monsters : 2.
2:44 of 2nd period - Zac Dalpe wins face-off versus Teemu Pulkkinen in neutral zone.
3:22 of 2nd period - Off-side.
3:23 of 2nd period - Nicolas Petan wins face-off versus Maxim Mamin in neutral zone.
3:30 of 2nd period - Slapshot by Matt Grzelcyk.
3:30 of 2nd period - Shot Misses the Net.
4:00 of 2nd period - Slapshot by Austin Watson.
4:00 of 2nd period - Stopped by Thatcher Demko without a rebound.
4:01 of 2nd period - Zac Dalpe wins face-off versus Andrej Nestrasil in Comets zone.
4:02 of 2nd period - Slapshot by Aaron Ness.
4:02 of 2nd period - Deflect By Zac Dalpe.
4:02 of 2nd period - Shot Blocked by William Lagesson.
4:02 of 2nd period - Puck is out of play.
4:03 of 2nd period - Zac Dalpe wins face-off versus Andrej Nestrasil in Comets zone.
4:28 of 2nd period - Gerald Mayhew is hit by Teemu Pulkkinen and loses puck.
5:07 of 2nd period - Wrist shot by Zac Dalpe.
5:07 of 2nd period - Goal by Zac Dalpe - Comets : 0 - Monsters : 3.
5:08 of 2nd period - Kyle Connor wins face-off versus Nicolas Petan in neutral zone.
5:23 of 2nd period - Slapshot by Luca Sbisa.
5:23 of 2nd period - Goal by Luca Sbisa - Comets : 0 - Monsters : 4.
5:24 of 2nd period - Nicolas Petan wins face-off versus Zac Dalpe in neutral zone.
5:29 of 2nd period - Slapshot by Teemu Pulkkinen.
5:29 of 2nd period - Shot Misses the Net.
5:31 of 2nd period - Backhand shot by Teemu Pulkkinen.
5:31 of 2nd period - Shot Blocked by Austin Watson.
5:33 of 2nd period - Snap shot by Nicolas Petan.
5:33 of 2nd period - Deflect By Daniel Zaar.
5:33 of 2nd period - Shot Misses the Net.
5:33 of 2nd period - Puck is out of play.
5:34 of 2nd period - Nicolas Petan wins face-off versus Zac Dalpe in Monsters zone.
5:49 of 2nd period - Oliver Kylington is hit by Austin Watson.
5:57 of 2nd period - Snap shot by Zac Dalpe.
5:57 of 2nd period - Stopped by Thatcher Demko without a rebound.
5:58 of 2nd period - Andrej Nestrasil wins face-off versus Jared Knight in Comets zone.
6:51 of 2nd period - Minor Penalty to Luca Sbisa for Elbowing.
6:52 of 2nd period - Zac Dalpe wins face-off versus Nicolas Petan in Monsters zone.
7:17 of 2nd period - Zac Dalpe is hit by Hudson Fasching and loses puck.
7:40 of 2nd period - Slapshot by Matt Grzelcyk.
7:40 of 2nd period - Deflect By Daniel Zaar.
7:40 of 2nd period - Stopped by Thatcher Demko without a rebound.
7:41 of 2nd period - Nicolas Petan wins face-off versus Austin Watson in Comets zone.
7:41 of 2nd period - Nicolas Petan is hit by Aaron Ness.
8:02 of 2nd period - Hudson Fasching is hit by Aaron Ness and loses puck.
8:51 of 2nd period - Penalty to Luca Sbisa is over, Luca Sbisa is back on ice.
9:00 of 2nd period - Icing by Dan Renouf.
9:01 of 2nd period - Chandler Stephenson wins face-off versus Ryan Fitzgerald in Comets zone.
9:20 of 2nd period - Slapshot by Ryan Fitzgerald.
9:20 of 2nd period - Deflect By Juho Lammikko.
9:20 of 2nd period - Shot Blocked by Adam Ollas-Mattsson.
9:20 of 2nd period - Puck is out of play.
9:21 of 2nd period - Nicolas Petan wins face-off versus Jared Knight in Comets zone.
9:36 of 2nd period - Wrist shot by Daniel Zaar.
9:36 of 2nd period - Deflect By Aaron Ness.
9:36 of 2nd period - Shot Misses the Net.
9:36 of 2nd period - Puck is out of play.
9:37 of 2nd period - Andrej Nestrasil wins face-off versus Zac Dalpe in Monsters zone.
9:38 of 2nd period - Snap shot by Justin Bailey.
9:38 of 2nd period - Shot Misses the Net.
9:40 of 2nd period - Slapshot by Oliver Kylington.
9:40 of 2nd period - Stopped by Maxime Lagace with a rebound.
9:46 of 2nd period - Slapshot by Oliver Kylington.
9:46 of 2nd period - Stopped by Maxime Lagace with a rebound.
10:22 of 2nd period - Icing by Gerald Mayhew.
10:23 of 2nd period - Carl Grundstrom wins face-off versus Tyler Graovac in Monsters zone.
10:36 of 2nd period - Snap shot by Anton Karlsson.
10:36 of 2nd period - Stopped by Maxime Lagace with a rebound.
11:55 of 2nd period - Daniel Zaar is hit by Aaron Ness and loses puck.
12:06 of 2nd period - Snap shot by Matt Grzelcyk.
12:06 of 2nd period - Stopped by Thatcher Demko with a rebound.
12:48 of 2nd period - Juho Lammikko is hit by Jared Knight and loses puck.
13:01 of 2nd period - Tyler Graovac is hit by Ryan Fitzgerald and loses puck.
13:27 of 2nd period - Aaron Ness is hit by Daniel Zaar and loses puck.
13:32 of 2nd period - Wrist shot by Teemu Pulkkinen.
13:32 of 2nd period - Goal by Teemu Pulkkinen - Comets : 1 - Monsters : 4.
13:33 of 2nd period - Nicolas Petan wins face-off versus Zac Dalpe in neutral zone.
13:36 of 2nd period - Snap shot by Teemu Pulkkinen.
13:36 of 2nd period - Stopped by Maxime Lagace with a rebound.
13:58 of 2nd period - Matt Grzelcyk is hit by Juuso Riikola and loses puck.
14:03 of 2nd period - Backhand shot by Hudson Fasching.
14:03 of 2nd period - Stopped by Maxime Lagace without a rebound.
14:04 of 2nd period - Andrej Nestrasil wins face-off versus Jared Knight in Monsters zone.
14:14 of 2nd period - Minor Penalty to Adam Ollas-Mattsson for Interference.
14:15 of 2nd period - Zac Dalpe wins face-off versus Daniel Zaar in Comets zone.
14:52 of 2nd period - Slapshot by Luca Sbisa.
14:52 of 2nd period - Shot Misses the Net.
14:54 of 2nd period - Wrist shot by Gerald Mayhew.
14:54 of 2nd period - Stopped by Thatcher Demko without a rebound.
14:55 of 2nd period - Daniel Zaar wins face-off versus Zac Dalpe in Comets zone.
16:14 of 2nd period - Penalty to Adam Ollas-Mattsson is over, Adam Ollas-Mattsson is back on ice.
16:23 of 2nd period - Slapshot by Oliver Kylington.
16:23 of 2nd period - Deflect By Dillon Heatherington.
16:23 of 2nd period - Stopped by Maxime Lagace without a rebound.
16:24 of 2nd period - Mackenzie MacEachern wins face-off versus Ryan Fitzgerald in Monsters zone.
16:31 of 2nd period - Snap shot by Juho Lammikko.
16:31 of 2nd period - Shot Misses the Net.
16:34 of 2nd period - Icing by Marc Michaelis.
16:35 of 2nd period - Justin Bailey wins face-off versus Ryan Fitzgerald in Monsters zone.
17:05 of 2nd period - Wrist shot by Daniel Zaar.
17:05 of 2nd period - Shot Misses the Net.
17:07 of 2nd period - Slapshot by Juuso Riikola.
17:07 of 2nd period - Shot Misses the Net.
17:09 of 2nd period - Slapshot by Teemu Pulkkinen.
17:09 of 2nd period - Stopped by Maxime Lagace with a rebound.
17:23 of 2nd period - Dan Renouf is hit by Ryan Fitzgerald and loses puck.
17:28 of 2nd period - Wrist shot by Ryan Fitzgerald.
17:28 of 2nd period - Stopped by Thatcher Demko with a rebound.
17:30 of 2nd period - Slapshot by Matt Grzelcyk.
17:30 of 2nd period - Shot Blocked by Tyler Graovac.
17:32 of 2nd period - Slapshot by Matt Grzelcyk.
17:32 of 2nd period - Stopped by Thatcher Demko with a rebound.
17:34 of 2nd period - Wrist shot by Matt Grzelcyk.
17:34 of 2nd period - Stopped by Thatcher Demko without a rebound.
17:35 of 2nd period - Nicolas Petan wins face-off versus Zac Dalpe in Comets zone.
17:40 of 2nd period - Snap shot by Daniel Zaar.
17:40 of 2nd period - Stopped by Maxime Lagace with a rebound.
18:09 of 2nd period - Snap shot by Gerald Mayhew.
18:09 of 2nd period - Stopped by Thatcher Demko with a rebound.
18:27 of 2nd period - Juho Lammikko is hit by Aaron Ness and loses puck.
18:46 of 2nd period - Slapshot by Anton Karlsson.
18:46 of 2nd period - Deflect By Zac Dalpe.
18:46 of 2nd period - Stopped by Maxime Lagace without a rebound.
18:47 of 2nd period - Zac Dalpe wins face-off versus Tyler Graovac in Monsters zone.
18:58 of 2nd period - Snap shot by Zac Dalpe.
18:58 of 2nd period - Stopped by Thatcher Demko without a rebound.
18:59 of 2nd period - Nicolas Petan wins face-off versus Zac Dalpe in Comets zone.
18:59 of 2nd period - Nicolas Petan is hit by Zac Dalpe.
19:11 of 2nd period - Snap shot by Kyle Connor.
19:11 of 2nd period - Goal by Kyle Connor - Comets : 1 - Monsters : 5.
19:12 of 2nd period - Zac Dalpe wins face-off versus Nicolas Petan in neutral zone.
19:21 of 2nd period - Snap shot by Zac Dalpe.
19:21 of 2nd period - Shot Blocked by Nicolas Petan.
19:23 of 2nd period - Snap shot by Aaron Ness.
19:23 of 2nd period - Shot Blocked by Dan Renouf.
19:25 of 2nd period - Snap shot by Austin Watson.
19:25 of 2nd period - Shot Misses the Net.
19:27 of 2nd period - Slapshot by Aaron Ness.
19:27 of 2nd period - Shot Blocked by Dan Renouf.
19:37 of 2nd period - Gerald Mayhew is hit by Hudson Fasching and loses puck.
19:58 of 2nd period - Wrist shot by Richard Nejezchleb.
19:58 of 2nd period - Shot Misses the Net.
Goals for this period are 1 for Comets vs 5 for Monsters.
Shots for this period are 13 for Comets vs 17 for Monsters.
3rd period
0:01 of 3rd period - Zac Dalpe wins face-off versus Nicolas Petan in neutral zone.
0:29 of 3rd period - Snap shot by Oliver Kylington.
0:29 of 3rd period - Shot Misses the Net.
0:57 of 3rd period - Slapshot by Luca Sbisa.
0:57 of 3rd period - Deflect By Mackenzie MacEachern.
0:57 of 3rd period - Stopped by Thatcher Demko without a rebound.
0:58 of 3rd period - Zac Dalpe wins face-off versus Nicolas Petan in Comets zone.
1:01 of 3rd period - Wrist shot by Zac Dalpe.
1:01 of 3rd period - Shot Misses the Net.
1:03 of 3rd period - Wrist shot by Austin Watson.
1:03 of 3rd period - Stopped by Thatcher Demko without a rebound.
1:04 of 3rd period - Zac Dalpe wins face-off versus Nicolas Petan in Comets zone.
1:05 of 3rd period - Wrist shot by Kyle Connor.
1:05 of 3rd period - Goal by Kyle Connor - Comets : 1 - Monsters : 6.
1:06 of 3rd period - Zac Dalpe wins face-off versus Nicolas Petan in neutral zone.
1:17 of 3rd period - Slapshot by Teemu Pulkkinen.
1:17 of 3rd period - Stopped by Maxime Lagace with a rebound.
1:19 of 3rd period - Slapshot by Juuso Riikola.
1:19 of 3rd period - Shot Misses the Net.
1:21 of 3rd period - Slapshot by Juuso Riikola.
1:21 of 3rd period - Stopped by Maxime Lagace with a rebound.
1:23 of 3rd period - Slapshot by Juuso Riikola.
1:23 of 3rd period - Deflect By Daniel Zaar.
1:23 of 3rd period - Stopped by Maxime Lagace without a rebound.
1:24 of 3rd period - Jared Knight wins face-off versus Andrej Nestrasil in Monsters zone.
2:18 of 3rd period - Snap shot by Daniel Zaar.
2:18 of 3rd period - Stopped by Maxime Lagace with a rebound.
3:09 of 3rd period - Tarmo Reunanen is hit by Anton Karlsson and loses puck.
3:49 of 3rd period - Gerald Mayhew is hit by Hudson Fasching and loses puck.
4:12 of 3rd period - Minor Penalty to Victor Mete for Holding.
4:13 of 3rd period - Nicolas Petan wins face-off versus Zac Dalpe in Monsters zone.
4:18 of 3rd period - Snap shot by Nicolas Petan.
4:18 of 3rd period - Stopped by Maxime Lagace without a rebound.
4:19 of 3rd period - Zac Dalpe wins face-off versus Nicolas Petan in Monsters zone.
4:52 of 3rd period - Wrist shot by Teemu Pulkkinen.
4:52 of 3rd period - Shot Misses the Net.
5:36 of 3rd period - Dillon Heatherington is hit by Teemu Pulkkinen and loses puck.
5:53 of 3rd period - Daniel Zaar is hit by Austin Watson and loses puck.
6:00 of 3rd period - Jared Knight is hit by Nicolas Petan.
6:12 of 3rd period - Penalty to Victor Mete is over, Victor Mete is back on ice.
6:20 of 3rd period - Dan Renouf is hit by Joakim Nordstrom and loses puck.
6:37 of 3rd period - Slapshot by Juho Lammikko.
6:37 of 3rd period - Stopped by Maxime Lagace without a rebound.
6:38 of 3rd period - Ryan Fitzgerald wins face-off versus Chandler Stephenson in Monsters zone.
7:03 of 3rd period - Michael Joly is hit by Ryan Fitzgerald and loses puck.
9:14 of 3rd period - Jared Knight is hit by Hudson Fasching and loses puck.
9:47 of 3rd period - Teemu Pulkkinen is hit by Maxime Comtois and loses puck.
10:28 of 3rd period - Jared Knight is hit by Andrej Nestrasil and loses puck.
10:45 of 3rd period - Off-side.
10:46 of 3rd period - Maxim Mamin wins face-off versus Chandler Stephenson in neutral zone.
10:53 of 3rd period - Slapshot by Luca Sbisa.
10:53 of 3rd period - Stopped by Thatcher Demko without a rebound.
10:54 of 3rd period - Zac Dalpe wins face-off versus Nicolas Petan in Comets zone.
11:05 of 3rd period - Wrist shot by Luca Sbisa.
11:05 of 3rd period - Deflect By Zac Dalpe.
11:05 of 3rd period - Shot Misses the Net.
11:05 of 3rd period - Puck is out of play.
11:06 of 3rd period - Nicolas Petan wins face-off versus Zac Dalpe in Comets zone.
11:06 of 3rd period - Nicolas Petan is hit by Kyle Connor.
11:09 of 3rd period - Minor Penalty to Juuso Riikola for Hooking.
11:10 of 3rd period - Zac Dalpe wins face-off versus Daniel Zaar in Comets zone.
11:26 of 3rd period - Wrist shot by Zac Dalpe.
11:26 of 3rd period - Goal by Zac Dalpe - Comets : 1 - Monsters : 7.
11:27 of 3rd period - Zac Dalpe wins face-off versus Nicolas Petan in neutral zone.
11:47 of 3rd period - Nicolas Petan is hit by Aaron Ness and loses puck.
12:03 of 3rd period - Minor Penalty to Gerald Mayhew for Hooking.
12:04 of 3rd period - Nicolas Petan wins face-off versus Zac Dalpe in Monsters zone.
12:52 of 3rd period - Matt Grzelcyk is hit by Dan Renouf and loses puck.
13:08 of 3rd period - Icing by Teemu Pulkkinen.
13:09 of 3rd period - Nicolas Petan wins face-off versus Francis Perron in Comets zone.
13:16 of 3rd period - Wrist shot by Nicolas Petan.
13:16 of 3rd period - Stopped by Maxime Lagace with a rebound.
13:18 of 3rd period - Wrist shot by Justin Bailey.
13:18 of 3rd period - Shot Blocked by Aaron Ness.
13:20 of 3rd period - Wrist shot by Nicolas Petan.
13:20 of 3rd period - Stopped by Maxime Lagace without a rebound.
13:21 of 3rd period - Zac Dalpe wins face-off versus Nicolas Petan in Monsters zone.
13:26 of 3rd period - Minor Penalty to Nicolas Petan for Cross-checking.
13:27 of 3rd period - Daniel Zaar wins face-off versus Zac Dalpe in Comets zone.
13:38 of 3rd period - Wrist shot by Daniel Zaar.
13:38 of 3rd period - Shot Misses the Net.
14:00 of 3rd period - Kyle Connor is hit by Dan Renouf and loses puck.
14:03 of 3rd period - Penalty to Gerald Mayhew is over, Gerald Mayhew is back on ice.
14:06 of 3rd period - Off-side.
14:07 of 3rd period - Justin Bailey wins face-off versus Jared Knight in neutral zone.
14:09 of 3rd period - Off-side.
14:10 of 3rd period - Jared Knight wins face-off versus Justin Bailey in neutral zone.
14:33 of 3rd period - Dillon Heatherington is hit by Oliver Kylington and loses puck.
15:26 of 3rd period - Penalty to Nicolas Petan is over, Nicolas Petan is back on ice.
15:38 of 3rd period - Slapshot by Ryan Fitzgerald.
15:38 of 3rd period - Stopped by Thatcher Demko without a rebound.
15:39 of 3rd period - Chandler Stephenson wins face-off versus Ryan Fitzgerald in Comets zone.
16:02 of 3rd period - Richard Nejezchleb is hit by Juho Lammikko and loses puck.
16:39 of 3rd period - Snap shot by Marc Michaelis.
16:39 of 3rd period - Stopped by Thatcher Demko with a rebound.
16:49 of 3rd period - Snap shot by Chandler Stephenson.
16:49 of 3rd period - Goal by Chandler Stephenson - Comets : 2 - Monsters : 7.
16:50 of 3rd period - Nicolas Petan wins face-off versus Zac Dalpe in neutral zone.
17:13 of 3rd period - Minor Penalty to Jared Knight for Holding.
17:14 of 3rd period - Nicolas Petan wins face-off versus Zac Dalpe in Monsters zone.
19:13 of 3rd period - Penalty to Jared Knight is over, Jared Knight is back on ice.
19:18 of 3rd period - Slapshot by Sami Niku.
19:18 of 3rd period - Shot Misses the Net.
19:20 of 3rd period - Snap shot by Anton Zlobin.
19:20 of 3rd period - Shot Blocked by Dillon Heatherington.
19:33 of 3rd period - Off-side.
19:34 of 3rd period - Maxim Mamin wins face-off versus Tyler Graovac in neutral zone.
19:50 of 3rd period - Minor Penalty to Tyler Graovac for Cross-checking.
19:51 of 3rd period - Daniel Zaar wins face-off versus Zac Dalpe in Comets zone.
19:56 of 3rd period - Icing by Luca Sbisa.
19:57 of 3rd period - Zac Dalpe wins face-off versus Daniel Zaar in Monsters zone.
19:57 of 3rd period - Zac Dalpe is hit by Oliver Kylington.
Goals for this period are 1 for Comets vs 2 for Monsters.
Shots for this period are 9 for Comets vs 7 for Monsters.